 Dungeon Crawl Stone Soup version 0.28.0-43-g3370ac3207 (webtiles) character file.

Game seed: 14494851242525764032

4638 issech the Basher (level 10, -15/86 HPs)
             Began as a Troll Monk on Mar 27, 2022.
             Was an Elder of Hepliaklqana.
             Shot with an arrow by a centaur warrior (27 damage)
             ... on level 8 of the Dungeon.
             The game lasted 00:21:17 (5977 turns).

issech the Basher (Troll Monk)                      Turns: 5977, Time: 00:21:17

Health: -15/86     AC: -1    Str: 27    XL:     10   Next: 20%
Magic:  9/9        EV: 15    Int:  6    God:    Hepliaklqana [****..]
Gold:   312        SH:  0    Dex: 16    Spells: 9/9 levels left

rFire   . . .      SeeInvis .   K - +0 giant spiked club
rCold   . . .      Faith    .   (shield currently unavailable)
rNeg    . . .      Spirit   .   u - +0 troll leather armour
rPois   .          Reflect  .   (helmet restricted)
rElec   .          Harm     .   (no cloak)
rCorr   .          Rampage  .   (gloves unavailable)
Will    .....                   (boots unavailable)
Stlth   ++........              (no amulet)
HPRegen 1.84/turn               s - +6 ring of strength
MPRegen 0.11/turn               z - +4 ring of evasion

@: corroded
A: reduced essence, large, unfitting armour, claws 3, regeneration 1, shaggy fur
1, tough skin 1
a: Renounce Religion, Recall Ancestor, Ancestor Identity, Transference, Idealise


You were on level 8 of the Dungeon.
You worshipped Hepliaklqana.
Hepliaklqana was greatly pleased with you.
You visited 2 branches of the dungeon, and saw 9 of its levels.

You collected 312 gold pieces.

Inventory:

Hand Weapons
 a - a +0 mace
 r - a +0 vampiric rapier
 v - a +0 flail
 B - a +2 arbalest of flaming
 E - a +2 whip of freezing
 I - a +0 dire flail
 K - a +0 giant spiked club (weapon)
 L - a +0 war axe of pain
 N - a +2 short sword of venom
Missiles
 g - 226 stones (quivered)
 h - 68 arrows
 q - 14 poisoned darts
 w - a boomerang
 x - 35 bolts
Armour
 b - a +0 robe
 u - a +0 troll leather armour (worn)
Magical Staves
 p - a staff of air
Jewellery
 s - a +6 ring of strength (left claw)
 z - a +4 ring of evasion (right claw)
 C - a ring of flight
Wands
 M - a wand of flame (26)
Scrolls
 e - 3 scrolls of teleportation
 i - a scroll of summoning
 j - a scroll of immolation
 m - a scroll of vulnerability
 n - 2 scrolls of enchant weapon
 y - a scroll of fear {unknown}
 D - a scroll of blinking {unknown}
 G - a scroll of amnesia {unknown}
 J - a scroll of torment {unknown}
 O - a scroll of magic mapping {unknown}
Potions
 c - a potion of flight {unknown}
 d - 6 potions of curing {unknown}
 f - 3 potions of lignification {unknown}
 k - 2 potions of degeneration {unknown}
 l - 5 potions of heal wounds {unknown}
 o - a potion of might {unknown}
 t - 3 potions of haste {unknown}
 A - a potion of resistance {unknown}
 F - a potion of attraction {unknown}
 H - a potion of mutation {unknown}


   Skills:
 + Level 5.4 Fighting
 + Level 9.5 Maces & Flails
 + Level 2.8 Crossbows
 + Level 0.2 Throwing
 + Level 4.1 Armour
 + Level 4.9 Dodging
 + Level 2.7 Stealth


You had 9 spell levels left.
You didn't know any spells.
Your spell library contained the following spells:

 Spells                   Type           Power      Damage    Failure   Level
 Inner Flame              Hex/Fire       0%         N/A       86%         3
 Cause Fear               Hex            0%         N/A       99%         4
 Discord                  Hex            0%         N/A       100%        8


Dungeon Overview and Level Annotations

Branches:
Dungeon (8/15)             Temple (1/1) D:4
   Lair: D:8-11

Altars:
Ashenzari
Cheibriados
Dithmenos
Elyvilon
Fedhas
Gozag
Hepliaklqana
Kikubaaqudgha
Makhleb
Nemelex Xobeh
Okawaru
Qazlal
Ru
Sif Muna
Trog
Vehumet
Wu Jian
Xom
Yredelemnul
Zin
The Shining One

Shops:
D:7 [

Annotations:
D:4 2 transporters, jr88keys's ghost, amateur SpEn


Innate Abilities, Weirdness & Mutations

Your life essence is reduced to manifest your ancestor. (-10% HP)
You are too large for most types of armour.
You have claws for hands.
Your natural rate of healing is unusually fast.
You are covered in fur. (AC +1)
You have tough skin. (AC +1)


Message History

The brown ugly thing is heavily wounded.
The brown ugly thing barely misses you.
Mettia gestures at the brown ugly thing while chanting.
The puff of frost hits the brown ugly thing!
You closely miss the brown ugly thing.
The brown ugly thing is severely wounded.
The brown ugly thing punches you.
You are splashed with acid!
Mettia points at the brown ugly thing and mumbles some strange words.
The stone arrow misses the brown ugly thing.
You closely miss the brown ugly thing.
The brown ugly thing is severely wounded.
The brown ugly thing barely misses you.
Mettia hits the brown ugly thing with a +0 quarterstaff!!
The brown ugly thing punches you! The acid corrodes you!
You are splashed with acid!
Mettia casts a spell at the brown ugly thing.
The stone arrow hits the brown ugly thing!
The brown ugly thing dies!
The centaur warrior shoots an arrow.
The arrow hits you!
* * * LOW HITPOINT WARNING * * *
The centaur warrior shoots an arrow.
The arrow hits you!!
* * * LOW HITPOINT WARNING * * *
Mettia casts a spell at the death knight.
The stone arrow hits the death knight!
Mettia gestures at the death knight while chanting.
The stone arrow hits the death knight!
Mettia hits the centaur warrior with a +0 quarterstaff!!
Mettia casts a spell at the death knight.
The stone arrow misses the centaur warrior.
The stone arrow hits the death knight!
Mettia points at the death knight and mumbles some strange words.
The puff of frost hits the centaur warrior.
There is an open door here.
The death knight offers itself to Yredelemnul, and fills with unholy energy.
The centaur warrior shoots an arrow.
The arrow misses you.
The centaur warrior shoots an arrow.
The arrow misses you.
The centaur warrior shoots an arrow.
The arrow hits you!!
* * * LOW HITPOINT WARNING * * *
The centaur warrior shoots an arrow.
The arrow hits you!!
You die...

##...#######
#...# #...#
#...# ##'##
#. #.# #..
##'### #.#
#....#
#..##†@..#
#........#
#.....p..#
##
###........#
..
..#......c.#
.###.
##..##'###
#...#
##.##.#
#..!# #..R.#
#...# #....#


You could see the friendly Mettia the battlemage, a death knight (reflects
damage) and a centaur warrior.

Vanquished Creatures
  Sigmund (D:2)
  A water moccasin (D:6)
  An orc warrior (D:7)
  An ice beast (D:7)
  An ogre (D:7)
  A centaur (D:8)
  2 lemures (D:5)
  Blork the orc (D:5)
  2 kobold brigands
  A wyvern zombie (D:7)
  3 scorpions
  5 wights (D:7)
  A centaur zombie (D:6)
  A centaur skeleton (D:5)
  An orc priest (D:3)
  A bullfrog skeleton (D:5)
  A hound (D:3)
  A jelly (D:5)
  A gnoll shaman (D:3)
  A scorpion zombie (D:5)
  An iguana (D:4)
  An orc wizard (D:7)
  8 adders
  3 gnolls
  An ufetubus (D:4)
  3 worms
  2 dart slugs
  16 orcs
  2 ball pythons (D:1)
  5 endoplasms
  A giant cockroach (D:1)
  7 goblins
  4 hobgoblins
  2 jackals (D:2)
  4 quokkas
  5 bats
  6 frilled lizards
  11 kobolds
  4 rats
114 creatures vanquished.

Vanquished Creatures (collateral kills)
  A two-headed ogre (D:7)
  Pikel (D:5)
  An ugly thing (D:8)
  A steam dragon (D:8)
  Eustachio (D:5)
  2 water moccasins
  A sky beast (D:6)
  3 necrophages (D:5)
  A phantom (D:6)
  2 bullfrogs
  2 scorpions (D:6)
  A water moccasin skeleton (D:4)
  A centaur zombie (D:7)
  2 hounds
  A bullfrog zombie (D:5)
  2 orc wizards (D:7)
  A killer bee zombie (D:7)
  3 adders
  An adder skeleton (D:4)
  3 orcs
  8 kobolds
39 creatures vanquished.

Vanquished Creatures (others)
  6 plants (D:4)
6 creatures vanquished.

Grand Total: 159 creatures vanquished

Notes
Turn   | Place    | Note
-------+----------+-------------------------------------------
     0 | D:1      | issech the Troll Monk began the quest for the Orb.
     0 | D:1      | Reached XP level 1. HP: 22/22 MP: 0/0
   107 | D:1      | Reached skill level 3 in Maces & Flails
   330 | D:1      | Reached XP level 2. HP: 29/29 MP: 1/1
   867 | D:2      | Reached XP level 3. HP: 35/36 MP: 2/2
  1337 | D:2      | Reached XP level 4. HP: 36/44 MP: 3/3
  1392 | D:2      | Found a shimmering altar of Xom.
  1524 | D:2      | Noticed Sigmund
  1563 | D:2      | Killed Sigmund
  1564 | D:2      | Reached skill level 4 in Maces & Flails
  1564 | D:2      | Reached XP level 5. HP: 15/53 MP: 4/4
  1797 | D:3      | Reached XP level 6. HP: 38/61 MP: 5/5
  2234 | D:3      | Reached skill level 5 in Maces & Flails
  2550 | D:4      | Found a transporter.
  2614 | D:4      | Found a transporter.
  2679 | D:4      | Found a staircase to the Ecumenical Temple.
  2691 | Temple   | Entered the Ecumenical Temple
  2722 | Temple   | Became a worshipper of Hepliaklqana the Forgotten
  2722 | Temple   | Reached * piety under Hepliaklqana
  2722 | Temple   | Reached ** piety under Hepliaklqana
  2723 | Temple   | Remembered your ancestor Mettia as a battlemage
  2816 | D:4      | Noticed jr88keys's ghost (amateur SpEn)
  2885 | D:4      | Identified the +8 halberd "Panaforr" {venom, rC+ rCorr SInv
                  | Stlth-}
  3161 | D:4      | Reached XP level 7. HP: 58/60 MP: 6/6
  3535 | D:5      | Entered Level 5 of the Dungeon
  3535 | D:5      | Noticed Blork the orc
  3535 | D:5      | Noticed Eustachio
  3617 | D:5      | Reached skill level 1 in Armour
  3713 | D:5      | Reached skill level 6 in Maces & Flails
  3942 | D:5      | Noticed Pikel
  3959 | D:5      | Killed Pikel
  3960 | D:5      | Reached skill level 1 in Crossbows
  3960 | D:5      | Reached XP level 8. HP: 53/70 MP: 7/7
  4011 | D:5      | Killed Eustachio
  4012 | D:5      | Reached skill level 7 in Maces & Flails
  4087 | D:5      | Killed Blork the orc
  4283 | D:5      | Reached *** piety under Hepliaklqana
  4467 | D:6      | Reached XP level 9. HP: 76/76 MP: 8/8
  5081 | D:7      | Reached skill level 8 in Maces & Flails
  5087 | D:7      | Reached skill level 5 in Fighting
  5217 | D:7      | Found Xierif's Armour Emporium.
  5506 | D:7      | Noticed a two-headed ogre
  5513 | D:7      | HP: 3/79 [two-headed ogre/+0 dire flail (31)]
  5514 | D:7      | Killed a two-headed ogre
  5515 | D:7      | Reached skill level 9 in Maces & Flails
  5515 | D:7      | Reached XP level 10. HP: 5/86 MP: 9/9
  5896 | D:8      | Reached **** piety under Hepliaklqana
  5952 | D:8      | Noticed a centaur warrior
  5952 | D:8      | Noticed a death knight
  5953 | D:8      | Noticed a brown ugly thing
  5961 | D:8      | Killed a brown ugly thing
  5977 | D:8      | Shot with an arrow by a centaur warrior

Illustrated notes

Levels and vault maps discovered:
D:1:      ebering_trefoil_3fold, layout_basic
D:2:      layout_basic, basic_altar, grunt_ministairs_7, uniq_sigmund
D:3:      layout_basic
D:4:      layout_loops_corners, minmay_temple_entry_large_hall,
          gammafunk_ghost_gnarly_gnolls, minmay_unequal
D:5:      layout_loops_ring, uniq_blork_the_orc, uniq_eustachio, uniq_pikel
D:6:      layout_loops_ring, lemuel_old_faithful
D:7:      layout_loops_ring, serial_shops, shop_fountains
D:8:      minmay_blocky_corners, layout_basic, lair_entry_dummy,
          serial_park_tiny_1
Temple:   grunt_wide_crystal_templ

Skill      XL: |  1  2  3  4  5  6  7  8  9 |
---------------+----------------------------+-----
Maces & Flails | 3 4 5 6 7 9 |  9.5
Fighting       | 3 4 5 |  5.4
Dodging        | 3 4 |  4.9
Armour         | 2 3 4 |  4.1
Crossbows      | 1 2 |  2.8
Stealth        | 2 |  2.7
Throwing       | |  0.2

Action                   |  1- 3 |  4- 6 |  7- 9 | 10-12 || total
-------------------------+-------+-------+-------+-------++-------
Melee: Mace              |   100 |   121 |       |       ||   221
       Punch             |     2 |     5 |     2 |       ||     9
       Flail             |       |    43 |    97 |       ||   140
       Giant spiked club |       |       |    37 |    12 ||    49
       Whip              |       |       |    13 |       ||    13
 Fire: Arbalest          |       |       |    16 |       ||    16
Throw: Stone             |       |     4 |       |       ||     4
Invok: Ancestor Life: Ba |       |     1 |       |       ||     1
  Use: Scroll            |       |       |     5 |       ||     5
 Stab: Sleeping          |     4 |     1 |     3 |     1 ||     9
       Distracted        |       |       |       |     1 ||     1
Armor: Robe              |    36 |    15 |       |       ||    51
       Troll leather arm |       |    32 |    18 |     5 ||    55
Dodge: Dodged            |    57 |    98 |   106 |    16 ||   277
